 Dungeon Crawl Stone Soup version 0.30-a0-930-gb9d0489357 (webtiles) character file.

Game seed: 3421524866559023184

3137 bearlyready the Cleaver (level 9, 0/108 HPs)
             Began as an Armataur Berserker on Mar 24, 2023.
             Was an Elder of Trog.
             Succumbed to a killer bee's poison
             ... on level 8 of the Dungeon.
             The game lasted 00:09:06 (7888 turns).

bearlyready the Cleaver (Armataur Berserker)        Turns: 7888, Time: 00:09:07

Health: 0/108      AC:  7    Str: 26    XL:     9   Next: 61%
Magic:  9/9        EV:  9    Int:  8    God:    Trog [****..]
Gold:   339        SH:  0    Dex: 10    Spells: 8/8 levels left

rFire   . . .      SeeInvis .    s - +0 war axe
rCold   . . .      Faith    +    (no shield)
rNeg    . . .      Spirit   .    e - +0 ring mail
rPois   .          Reflect  .    g - +0 helmet
rElec   .          Roll     +    (no cloak)
rCorr   .                        (no gloves)
Will    .....                    (no barding) Stlth
                                 I - amulet of faith
HPRegen 0.38/turn                A - ring of flight
MPRegen 0.11/turn                (no ring)

@: berserking, lethally poisoned (0 -> -9), flying, very quick
A: large, rugged brown scales 3, deformed body, armoured tail, roll, long
tongue, awkward tongue
a: Renounce Religion, Berserk, Trog's Hand, Brothers in Arms


You were on level 8 of the Dungeon.
You worshipped Trog.
Trog was greatly pleased with you.
You visited 1 branch of the dungeon, and saw 8 of its levels.
You also visited: Sewer.

You collected 405 gold pieces.
You spent 66 gold pieces at shops.

Inventory:

Hand Weapons
 a - a +0 hand axe
 s - a +0 war axe (weapon)
Missiles
 d - 52 stones (quivered)
 E - 2 curare-tipped darts
 F - 40 poisoned darts
 N - 4 boomerangs
Armour
 b - a +0 animal skin
 e - a +0 ring mail (worn)
 g - a +0 helmet (worn)
Jewellery
 A - a ring of flight (left hand)
 B - an amulet of guardian spirit
 I - an amulet of faith (around neck)
Wands
 w - a wand of flame (62)
 y - a wand of quicksilver (7)
 L - a wand of iceblast (12)
 M - a wand of charming (14)
Scrolls
 f - 4 scrolls of teleportation {unknown}
 h - 2 scrolls of enchant weapon {unknown}
 k - 2 scrolls of fog {unknown}
 l - 2 scrolls of fear {unknown}
 m - 6 scrolls of identify {unknown}
 p - a scroll of silence {unknown}
 u - 2 scrolls of magic mapping {unknown}
 v - 2 scrolls of immolation {unknown}
 x - a scroll of noise {unknown}
 G - a scroll of enchant armour {unknown}
 K - 2 scrolls of poison {unknown}
Potions
 c - a potion of flight {unknown}
 i - a potion of attraction {unknown}
 j - a potion of berserk rage {unknown}
 n - 2 potions of haste {unknown}
 o - a potion of invisibility {unknown}
 q - 4 potions of curing
 r - 2 potions of cancellation {unknown}
 t - a potion of lignification
 z - a potion of ambrosia {unknown}
 C - 2 potions of magic {unknown}
 D - 2 potions of might {unknown}
 H - a potion of resistance {unknown}
 J - a potion of degeneration {unknown}


   Skills:
 - Level 2.6 Fighting
 + Level 11.3 Axes
 - Level 2.4 Armour
 - Level 1.3 Dodging
 + Level 3.1 Evocations


You had 8 spell levels left.
You didn't know any spells.
Your spell library was empty.

Dungeon Overview and Level Annotations

Branches:
Dungeon (8/15)             Temple (0/1) D:7           Sewer (visited)
   Lair: D:8-11

Altars:
Ashenzari
Cheibriados
Dithmenos
Elyvilon
Nemelex Xobeh
Okawaru
Ru

Shops:
D:3 !   D:6 :   D:8 :[


Innate Abilities, Weirdness & Mutations

You are completely covered in rugged brown scales. (AC +3, +7% HP)
Armour fits poorly on your strangely shaped body.
You have a long armoured tail.
You roll when moving toward enemies. (Rampage)
Your long tongue fully drains potion bottles. (2x potion effects)
Your tongue gives you trouble enunciating. (1.5x scroll delay)


Message History

The killer bee stings you.
* * * LOW HITPOINT WARNING * * *
You closely miss the killer bee.
Your tail-slap misses the killer bee.
The killer bee is lightly wounded.
You barely miss the killer bee. You slash the killer bee!
You kill the killer bee!
Trog accepts your kill.
You slash the killer bee!
You kill the killer bee!
Trog accepts your kill.
You feel sick. The killer bee completely misses you.
The killer bee closely misses you.
You slice the killer bee!!
You kill the killer bee!
Trog accepts your kill.
You hit the killer bee.
You feel sick. The killer bee closely misses you.
Your Evocations skill increases to level 3!
You feel sick. The killer bee barely misses you.
You see here a killer bee corpse.
You barely miss the killer bee.
Your tail-slap misses the killer bee.
The killer bee is severely wounded.
You feel sick. The killer bee barely misses you. The killer bee stings you.
* * * LOW HITPOINT WARNING * * *
You are lethally poisoned!
The killer bee poisons you!
You slice the killer bee!!
You kill the killer bee!
Trog accepts your kill.
* * * LOW HITPOINT WARNING * * *
You feel very sick.
A yak comes into view.
You are too berserk!
* * * LOW HITPOINT WARNING * * *
You feel sick.
Found a stone staircase leading down.
You feel a strong urge to attack something.
* * * LOW HITPOINT WARNING * * *
You feel sick.
You are too berserk!
You die...

#.....#.... #> ...... #
#.....#.... #.###.....
##.#.....#∩.∩. #........
+..#.....#.... #........
#........∩.∩# ##.......#
#.#...8...... $........#
#.#......###.
.........#####.#...<.## #.
.........@.....#.....## #.
≈~~.....#########8.∩.8###.
~≈~.##†††.................
≈≈ #..########...>..####
~~.##.........'......'...
.........######...8..####
~~....!..# ####.....#
≈≈~.......# #.....#
≈≈~.......# #.....#


There were no monsters in sight!

Vanquished Creatures
  Grinder (D:6)
  A water moccasin (D:7)
  An orc warrior (D:6)
  2 ice beasts
  2 black bears
  2 ogres
  2 centaurs
  4 kobold brigands
  2 bullfrogs
  2 scorpions
  5 wights (D:7)
  10 killer bees (D:8)
  A howler monkey (D:5)
  4 hounds
  2 orc priests
  A sleepcap (D:4)
  Natasha (thrice) (D:4)
  4 iguanas
  2 orc wizards
  A mummy (D:6)
  3 gnolls (D:5)
  12 adders
  2 river rats
  A shadow imp (D:8)
  3 white imps
  7 worms
  4 dart slugs
  25 orcs
  10 ball pythons
  6 bats
  9 endoplasms
  A giant cockroach (D:2)
  3 goblins
  9 hobgoblins
  9 jackals
  A quokka (D:1)
  6 frilled lizards
  15 kobolds
  11 rats
189 creatures vanquished.

Vanquished Creatures (others)
  2 plants (D:2)
2 creatures vanquished.

Grand Total: 191 creatures vanquished

Notes
Turn   | Place    | Note
-------+----------+-------------------------------------------
     0 | D:1      | bearlyready the Armataur Berserker began the quest for the
                  | Orb.
     0 | D:1      | Reached XP level 1. HP: 19/19 MP: 1/1
   158 | D:1      | Reached XP level 2. HP: 22/26 MP: 2/2
   163 | D:1      | Reached skill level 3 in Axes
   769 | D:2      | Reached ** piety under Trog
   788 | D:2      | Reached XP level 3. HP: 20/32 MP: 3/3
  1069 | D:2      | Reached skill level 4 in Axes
  1075 | D:2      | Reached XP level 4. HP: 22/39 MP: 4/4
  1166 | D:2      | Found a sparkling altar of Nemelex Xobeh.
  1342 | D:3      | Found a faded altar of an unknown god.
  1691 | D:3      | Found Oxzibu's Distillery.
  1702 | D:3      | Bought a potion of curing for 33 gold pieces
  1702 | D:3      | Bought a potion of lignification for 33 gold pieces
  1757 | D:3      | Found a white marble altar of Elyvilon.
  2127 | D:4      | Reached XP level 5. HP: 12/44 MP: 5/5
  2278 | D:4      | Noticed Natasha
  2290 | D:4      | Killed Natasha
  2291 | D:4      | Reached skill level 5 in Axes
  2412 | D:4      | Noticed Natasha
  2422 | D:4      | Killed Natasha
  2588 | D:4      | Reached XP level 6. HP: 29/53 MP: 6/6
  2683 | D:4      | Found an iron altar of Okawaru.
  2821 | D:4      | Noticed Natasha
  2832 | D:4      | Killed Natasha
  2893 | D:4      | Found a sacrificial altar of Ru.
  3001 | D:4      | Reached *** piety under Trog
  3152 | D:5      | Entered Level 5 of the Dungeon
  3166 | D:5      | Reached skill level 6 in Axes
  3584 | D:5      | Found a glowing drain.
  3651 | Sewer    | Entered a sewer
  3732 | Sewer    | Reached XP level 7. HP: 51/59 MP: 5/7
  4246 | Sewer    | Reached skill level 7 in Axes
  5088 | D:5      | Reached skill level 8 in Axes
  5141 | D:5      | Found a broken altar of Ashenzari.
  5146 | D:5      | Saw a vision of the Shoals and the Spider Nest.
  5146 | D:5      | Noticed a tarantella
  5146 | D:5      | Noticed an entropy weaver
  5146 | D:5      | Noticed a steelbarb worm
  5146 | D:5      | Noticed a torpor snail
  5146 | D:5      | Noticed a tarantella
  5146 | D:5      | Noticed a redback
  5146 | D:5      | Noticed an emperor scorpion
  5146 | D:5      | Noticed a merfolk
  5146 | D:5      | Noticed a merfolk
  5146 | D:5      | Noticed a water elemental
  5146 | D:5      | Noticed a water elemental
  5146 | D:5      | Noticed a skyshark
  5146 | D:5      | Noticed a manticore
  5146 | D:5      | Noticed a tarantella
  5147 | D:5      | Noticed an entropy weaver
  5147 | D:5      | Noticed a merfolk
  5147 | D:5      | Noticed a steelbarb worm
  5148 | D:5      | Noticed a pharaoh ant
  5285 | D:6      | Reached XP level 8. HP: 47/66 MP: 5/8
  5431 | D:6      | HP: 2/99 [orc warrior/+0 glaive (6)]
  5499 | D:6      | Noticed Grinder
  5710 | D:7      | Reached skill level 9 in Axes
  5710 | D:7      | Found a staircase to the Ecumenical Temple.
  6111 | D:7      | Reached skill level 10 in Axes
  6112 | D:7      | Reached **** piety under Trog
  6608 | D:6      | Reached XP level 9. HP: 72/72 MP: 9/9
  6608 | D:6      | Found Fed Pil's Self-Improvement Boutique.
  6868 | D:6      | Paralysed by Grinder for 5 turns
  6882 | D:6      | Killed Grinder
  7332 | D:6      | Found a snail-covered altar of Cheibriados.
  7560 | D:8      | Found Axketz's Book Boutique.
  7560 | D:8      | Found Ipnots's Armour Boutique.
  7578 | D:8      | Reached skill level 11 in Axes
  7578 | D:8      | Reached skill level 1 in Evocations
  7736 | D:8      | Found a shadowy altar of Dithmenos.
  7885 | D:8      | HP: 5/108 [poisoned by a killer bee]
  7887 | D:8      | HP: 2/108 [poisoned by a killer bee]
  7888 | D:8      | Succumbed to a killer bee's poison

Illustrated notes

Levels and vault maps discovered:
D:1:      dpeg_arrival_leaves_temple_mockup, layout_basic, eino_curves_02,
          serial_park_tiny_2
D:2:      layout_rooms, basic_altar, serial_bayou_pond_a
D:3:      layout_loops_cross, elyvilon_altar_5,
          hellmonk_ecumenical_altar_dog_temple, serial_shops,
          nicolae_shop_hallway_plus, minmay_door_square
D:4:      layout_gridville, nicolae_ru_awakened_eye, okawaru_metal_pillars_1_2,
          uniq_natasha
D:5:      layout_loops_ring, grunt_ashenzari_visionary
          [grunt_ashenzari_visionary_shoals, grunt_ashenzari_visionary_spider],
          cheibrodos_sewer_entry_sluice
D:6:      layout_basic, slow_altar_1, nicolae_shop_self_help, uniq_grinder
D:7:      layout_gridville, temple_statues
D:8:      layout_basic, nicolae_dithmenos_through_a_glass_darkly,
          nicolae_overflow_two_pavilions, serial_shops,
          nicolae_shop_competitors_out_of_business, nicolae_stop_n_shop_2,
          nicolae_shop_hallway_plus, minivault_14

Skill      XL: |  1  2  3  4  5  6  7  8  9 |
---------------+----------------------------+-----
Axes           | 3 4 5 6 8 10 11 | 11.3
Evocations     | 3 |  3.1
Fighting       | |  2.6
Armour         | |  2.4
Dodging        | |  1.3

Action                     |  1- 3 |  4- 6 |  7- 9 || total
---------------------------+-------+-------+-------++-------
  Melee: Hand axe          |    95 |   237 |    90 ||   422
         Tailslap          |     2 |    23 |    42 ||    67
         Punch             |       |     1 |     2 ||     3
         War axe           |       |       |   209 ||   209
 Invoke: Berserk           |       |     3 |     6 ||     9
 Armour: Animal skin       |     3 |       |       ||     3
         Ring mail         |    47 |    88 |   109 ||   244
  Dodge: Dodged            |    54 |    98 |   150 ||   302

Table legend: (Time is in decaauts)
 A = Elapsed time spent in this place.
 B = Non-inter-level travel time spent in this place.
 C = Inter-level travel time spent in this place.
 D = Time resting spent in this place.
 E = Time spent auto-exploring this place.
 F = Levels seen in this place.
 G = Mean time per level.
                   A        B        C        D        E       F      G
               +--------+--------+--------+--------+--------+-----+--------+
         Total |   7973 |   7702 |    271 |    379 |   6000 |   9 |  885.9 |
       Dungeon |   6828 |   6557 |    271 |    378 |   5085 |   8 |  853.5 |
         Sewer |   1144 |   1144 |      0 |      1 |    915 |   1 | 1144.0 |
               +--------+--------+--------+--------+--------+-----+--------+

Top non-repeatable levels by time:
     D:4: 1191 daAuts
     D:6: 1166 daAuts
     D:7: 1149 daAuts
   Sewer: 1144 daAuts
     D:5: 1008 daAuts
     D:1: 890 daAuts
     D:3: 649 daAuts
     D:2: 454 daAuts
     D:8: 319 daAuts
